TOP OF THE 1ST |
Miami Marlins batting - Pitching for Colorado Rockies : RHP Oscar Munoz
|
Pitching: RHP Oscar Munoz
|
|
Batting: RHB Jeff Garofalo
|
0-0: Called Strike 0-1: DOUBLE (Flyball, 8RXD, EV 92.5 MPH)
|
Batting: RHB Micah Christopher
|
0-0: Swinging Strike 0-1: Ball 1-1: Ball 2-1: Foul Ball, location: 2F 2-2: Ball 3-2: Ground out 4-3 (Groundball, 4, EV 85.0 MPH) Jeff Garofalo to third
|
Batting: SHB Matt Altieri
|
0-0: Ball 1-0: Called Strike 1-1: Called Strike 1-2: Ball 2-2: Ball Wild Pitch! Jeff Garofalo scores 3-2: Foul Ball, location: 2F 3-2: Foul Ball, location: 2F 3-2: Ground out 6-3 (Groundball, 6MD, EV 96.9 MPH)
|
Batting: LHB Andre Gorter
|
0-0: Ball 1-0: SOLO HOME RUN (Flyball, 9LD, EV 98.1 MPH), Distance : 399 ft
|
Batting: RHB Jimmy Groseclose
|
0-0: Ball 1-0: Called Strike 1-1: Fly out, F8 (Flyball, 8RS, EV 73.8 MPH)
|
Top of the 1st over - 2 runs, 2 hits, 0 errors, 0 left on base; Miami 2 - Colorado 0 |
BOTTOM OF THE 1ST |
Colorado Rockies batting - Pitching for Miami Marlins : RHP Brian Glover
|
Pitching: RHP Brian Glover
|
|
Batting: RHB Joel Haycock
|
0-0: SINGLE (Flyball, 3D, EV 96.2 MPH)
|
Batting: RHB Roberto Rodriguez
|
0-0: Foul Ball, location: 2F 0-1: Ball 1-1: Ball 2-1: Swinging Strike 2-2: Fielders Choice at 2nd, 6-4 (Groundball, 6S, EV 90.6 MPH)
|
Batting: SHB Chris Blue
|
0-0: Called Strike 0-1: Ball 1-1: Called Strike Roberto Rodriguez steals 2nd base (no throw) 1-2: Fly out, F8 (Flyball, 8RM, EV 88.1 MPH)
|
Batting: RHB Jason Andrews
|
0-0: Ball 1-0: Called Strike 1-1: Ground out 5-3 (Groundball, 56, EV 84.4 MPH)
|
Bottom of the 1st over - 0 runs, 1 hit, 0 errors, 1 left on base; Miami 2 - Colorado 0 |
TOP OF THE 2ND |
Miami Marlins batting - Pitching for Colorado Rockies : RHP Oscar Munoz
|
Batting: RHB Justin Huff
|
0-0: Ball 1-0: SINGLE (Line Drive, 78S, EV 98.1 MPH)
|
Batting: RHB Roger Salazar
|
0-0: Foul Ball, location: 2F 0-1: Ball 1-1: Ball 2-1: Swinging Strike 2-2: Strikes out swinging
|
Batting: RHB Seth Tramontano
|
0-0: Ball 1-0: Ball 2-0: Foul Ball, location: 2F 2-1: Foul Ball, location: 2F 2-2: Foul Ball, location: 2F 2-2: Ball 3-2: Foul Ball, location: 2F 3-2: Base on Balls Justin Huff to second
|
Batting: RHB Josh Crenwelge
|
0-0: Called Strike 0-1: Fly out, F6 (Flyball, 56D, EV 88.8 MPH)
|
Batting: RHB Jeff Garofalo
|
0-0: Called Strike 0-1: Called Strike 0-2: DOUBLE (Line Drive, 7LS, EV 98.8 MPH) Justin Huff scores Seth Tramontano to third Runner from 3rd tries for Home, SAFE, no throw by LF
|
Batting: RHB Micah Christopher
|
0-0: Ball 1-0: Called Strike 1-1: DOUBLE (Flyball, 78D, EV 88.1 MPH) Jeff Garofalo scores
|
Batting: SHB Matt Altieri
|
0-0: Called Strike 0-1: Foul Ball, location: 2F 0-2: Foul Ball, location: 2F 0-2: 2-RUN HOME RUN (Flyball, 7D, EV 97.5 MPH), Distance : 383 ft
|
Pitching: RHP Mike Mik
|
|
Batting: LHB Andre Gorter
|
0-0: Foul Ball, location: 2F 0-1: Foul Ball, location: 2F 0-2: Ball 1-2: SOLO HOME RUN (Flyball, 89XD, EV 110.6 MPH), Distance : 430 ft
|
Batting: RHB Jimmy Groseclose
|
0-0: Ball 1-0: Called Strike 1-1: Ball 2-1: Foul Ball, location: 2F 2-2: Fly out, F8 (Flyball, 89M, EV 79.4 MPH)
|
Top of the 2nd over - 6 runs, 5 hits, 0 errors, 0 left on base; Miami 8 - Colorado 0 |
BOTTOM OF THE 2ND |
Colorado Rockies batting - Pitching for Miami Marlins : RHP Brian Glover
|
Batting: RHB Rico Coss
|
0-0: Swinging Strike 0-1: Ball 1-1: Called Strike 1-2: Fly out, F7 (Flyball, 7LM, EV 89.4 MPH)
|
Batting: RHB Leo Mair
|
0-0: Ball 1-0: Foul Ball, location: 2F 1-1: Foul Ball, location: 2F 1-2: Ball 2-2: Fly out, F4 (Popup, 34S, EV 73.1 MPH)
|
Batting: RHB Chad Thompson
|
0-0: Ball 1-0: Foul Ball, location: 2F 1-1: Ball 2-1: Ball 3-1: Base on Balls
|
Pitching: RHP Jonah Syndergaard
|
|
Batting: LHB Chris Locklear
|
0-0: SINGLE (Flyball, 4D, EV 89.4 MPH) Chad Thompson to second
|
Batting: RHB Stephen Charbonneau
|
0-0: Ball 1-0: 3-RUN HOME RUN (Flyball, 7LD, EV 96.2 MPH), Distance : 353 ft
|
Batting: RHB Joel Haycock
|
0-0: Called Strike 0-1: SINGLE (Line Drive, 78M, EV 96.2 MPH)
|
Batting: RHB Roberto Rodriguez
|
0-0: Ball 1-0: Called Strike 1-1: Ball 2-1: Fielders Choice at 2nd, 6-4 (Groundball, 6, EV 110.6 MPH)
|
Bottom of the 2nd over - 3 runs, 3 hits, 0 errors, 1 left on base; Miami 8 - Colorado 3 |
TOP OF THE 3RD |
Miami Marlins batting - Pitching for Colorado Rockies : RHP Mike Mik
|
Batting: RHB Justin Huff
|
0-0: Ball 1-0: Foul Ball, location: 2F 1-1: Ball 2-1: Ball 3-1: Foul Ball, location: 2F 3-2: Fly out, F3 (Popup, 3SF, EV 64.4 MPH)
|
Batting: RHB Roger Salazar
|
0-0: Foul Ball, location: 2F 0-1: Foul Ball, location: 2F 0-2: Ball 1-2: Ball 2-2: Foul Ball, location: 2F 2-2: Ground out 4-3 (Groundball, 4S, EV 88.1 MPH)
|
Batting: RHB Seth Tramontano
|
0-0: Ball 1-0: Ball 2-0: Foul Ball, location: 2F 2-1: Foul Ball, location: 2F 2-2: Foul Ball, location: 2F 2-2: Ball 3-2: Strikes out swinging
|
Top of the 3rd over - 0 runs, 0 hits, 0 errors, 0 left on base; Miami 8 - Colorado 3 |
BOTTOM OF THE 3RD |
Colorado Rockies batting - Pitching for Miami Marlins : RHP Jonah Syndergaard
|
Batting: SHB Chris Blue
|
0-0: Called Strike 0-1: Ground out 6-3 (Groundball, 6, EV 88.1 MPH)
|
Batting: RHB Jason Andrews
|
0-0: Swinging Strike 0-1: Called Strike 0-2: SINGLE (Groundball, 34D, EV 108.8 MPH)
|
Batting: RHB Rico Coss
|
0-0: Ball 1-0: 2-RUN HOME RUN (Flyball, 9LD, EV 98.1 MPH), Distance : 377 ft
|
Batting: RHB Leo Mair
|
0-0: Ball 1-0: Ball 2-0: Foul Ball, location: 2F 2-1: Swinging Strike 2-2: Strikes out looking
|
Batting: RHB Chad Thompson
|
0-0: Ball 1-0: Ball 2-0: Ball 3-0: Called Strike 3-1: Called Strike 3-2: SINGLE (Groundball, 34D, EV 110.6 MPH)
|
Batting: LHB Chris Locklear
|
0-0: Ball 1-0: Ball 2-0: Ball 3-0: Called Strike 3-1: Foul Ball, location: 2F 3-2: SINGLE (Flyball, 9LS, EV 86.9 MPH) Chad Thompson to second Chad Thompson to third
|
Batting: RHB Stephen Charbonneau
|
0-0: Foul Ball, location: 2F 0-1: Called Strike 0-2: Ball 1-2: Foul Ball, location: 2F 1-2: Foul Ball, location: 2F 1-2: Foul Ball, location: 2F 1-2: Ball Chris Locklear steals 2nd base 2-2: Ball 3-2: Strikes out looking
|
Bottom of the 3rd over - 2 runs, 4 hits, 0 errors, 2 left on base; Miami 8 - Colorado 5 |
TOP OF THE 4TH |
Miami Marlins batting - Pitching for Colorado Rockies : RHP Mike Mik
|
Batting: RHB Josh Crenwelge
|
0-0: Foul Ball, location: 2F 0-1: Ball 1-1: Ball 2-1: Swinging Strike 2-2: Strikes out swinging
|
Batting: RHB Jeff Garofalo
|
0-0: Called Strike 0-1: Foul Ball, location: 2F 0-2: Ball 1-2: Foul Ball, location: 2F 1-2: Fly out, F8 (Flyball, 8LXD, EV 95.0 MPH)
|
Pitching: RHP Jaden Mackey
|
|
Batting: RHB Micah Christopher
|
0-0: Ball 1-0: SINGLE (Groundball, 4D, EV 94.4 MPH)
|
Batting: SHB Matt Altieri
|
0-0: Fly out, F7 (Flyball, 78D, EV 90.0 MPH)
|
Top of the 4th over - 0 runs, 1 hit, 0 errors, 1 left on base; Miami 8 - Colorado 5 |
BOTTOM OF THE 4TH |
Colorado Rockies batting - Pitching for Miami Marlins : RHP Jonah Syndergaard
|
Batting: RHB Joel Haycock
|
0-0: SINGLE (Groundball, 56D, EV 98.1 MPH)
|
Batting: RHB Roberto Rodriguez
|
0-0: Ball 1-0: Ball 2-0: Foul Ball, location: 2F 2-1: Foul Ball, location: 2F 2-2: SINGLE (Line Drive, 8RS, EV 110.6 MPH) Joel Haycock to second Runner from 2nd tries for 3rd, SAFE, throw by CF made to third
|
Batting: SHB Chris Blue
|
0-0: Ball 1-0: Ball 2-0: Foul Ball, location: 2F 2-1: Foul Ball, location: 2F 2-2: Reached on error, E4 (Groundball, 4, EV 85.6 MPH) Joel Haycock scores Roberto Rodriguez to second
|
Pitching: LHP Jordan Hernandez
|
|
Batting: RHB Jason Andrews
|
0-0: 3-RUN HOME RUN (Flyball, 78XD, EV 108.8 MPH), Distance : 414 ft
|
Batting: RHB Rico Coss
|
0-0: Ball 1-0: Ball 2-0: Ball 3-0: Called Strike 3-1: Foul Ball, location: 2F 3-2: Base on Balls
|
Batting: RHB Leo Mair
|
0-0: Called Strike 0-1: Grounds into double play, 6-4-3 (Groundball, 6, EV 108.1 MPH)
|
Batting: RHB Chad Thompson
|
0-0: Ball 1-0: Ball 2-0: Called Strike 2-1: Fly out, F8 (Flyball, 8RXD, EV 94.4 MPH)
|
Bottom of the 4th over - 4 runs, 3 hits, 1 error, 0 left on base; Miami 8 - Colorado 9 |
TOP OF THE 5TH |
Miami Marlins batting - Pitching for Colorado Rockies : RHP Jaden Mackey
|
Batting: LHB Andre Gorter
|
0-0: Called Strike 0-1: Ball 1-1: Foul Ball, location: 2F 1-2: Strikes out swinging
|
Batting: RHB Jimmy Groseclose
|
0-0: Foul Ball, location: 2F 0-1: Ball 1-1: Ball 2-1: Called Strike 2-2: SINGLE (Flyball, 8LS, EV 90.6 MPH)
|
Batting: RHB Justin Huff
|
0-0: Called Strike 0-1: Ball 1-1: Ball 2-1: Foul Ball, location: 2F 2-2: Ball 3-2: Foul Ball, location: 2F 3-2: SINGLE (Flyball, 8LS, EV 91.9 MPH) Jimmy Groseclose to second Jimmy Groseclose to third
|
Batting: RHB Roger Salazar
|
0-0: Ball 1-0: Ball 2-0: Foul Ball, location: 2F 2-1: Foul Ball, location: 2F 2-2: Strikes out swinging
|
Batting: RHB Seth Tramontano
|
0-0: Foul Ball, location: 2F 0-1: Ball 1-1: Called Strike 1-2: Ball 2-2: Strikes out swinging
|
Top of the 5th over - 0 runs, 2 hits, 0 errors, 2 left on base; Miami 8 - Colorado 9 |
BOTTOM OF THE 5TH |
Colorado Rockies batting - Pitching for Miami Marlins : LHP Jordan Hernandez
|
Batting: LHB Chris Locklear
|
0-0: Called Strike 0-1: Ground out 1-3 (Groundball, 25, EV 66.9 MPH)
|
Batting: RHB Stephen Charbonneau
|
0-0: Ball 1-0: Ball 2-0: Fly out, F7 (Flyball, 78M, EV 93.1 MPH)
|
Batting: RHB Joel Haycock
|
0-0: Called Strike 0-1: Ball 1-1: Swinging Strike 1-2: Ball 2-2: Ball 3-2: SINGLE (Line Drive, 89M, EV 92.5 MPH)
|
Batting: RHB Roberto Rodriguez
|
0-0: Ball 1-0: Swinging Strike 1-1: Ball 2-1: Fly out, F9 (Flyball, 89D, EV 101.2 MPH)
|
Bottom of the 5th over - 0 runs, 1 hit, 0 errors, 1 left on base; Miami 8 - Colorado 9 |
TOP OF THE 6TH |
Miami Marlins batting - Pitching for Colorado Rockies : RHP Jaden Mackey
|
Pitching: RHP Victor Walshe
|
|
Batting: RHB Josh Crenwelge
|
0-0: Foul Ball, location: 2F 0-1: Ball 1-1: Swinging Strike 1-2: Ground out 5-3 (Groundball, 56, EV 80.6 MPH)
|
Batting: RHB Jeff Garofalo
|
0-0: Ball 1-0: Ball 2-0: Called Strike 2-1: Foul Ball, location: 2F 2-2: DOUBLE (Flyball, 9LD, EV 98.1 MPH)
|
Batting: RHB Micah Christopher
|
0-0: Ball 1-0: Ball 2-0: Ball 3-0: Foul Ball, location: 2F 3-1: Foul Ball, location: 2F 3-2: Foul Ball, location: 2F 3-2: 2-RUN HOME RUN (Line Drive, 89XD, EV 102.5 MPH), Distance : 394 ft
|
Batting: SHB Matt Altieri
|
0-0: Ball 1-0: Foul Ball, location: 2F 1-1: Ball 2-1: Foul Ball, location: 2F 2-2: Ball 3-2: Ground out 6-3 (Groundball, 6M, EV 80.0 MPH)
|
Batting: LHB Andre Gorter
|
0-0: TRIPLE (Flyball, 9D, EV 97.5 MPH)
|
Batting: RHB Jimmy Groseclose
|
0-0: Ball 1-0: Ball 2-0: Foul Ball, location: 2F 2-1: Called Strike 2-2: Ball 3-2: Base on Balls
|
Batting: RHB Justin Huff
|
0-0: DOUBLE (Line Drive, 89D, EV 106.9 MPH) Andre Gorter scores Jimmy Groseclose to third Runner from 3rd tries for Home, SAFE, no throw by RF
|
Pitching: LHP Dave Burridge
|
|
Batting: RHB Roger Salazar
|
0-0: Fly out, F9 (Flyball, 9D, EV 98.8 MPH)
|
Top of the 6th over - 4 runs, 4 hits, 0 errors, 1 left on base; Miami 12 - Colorado 9 |
BOTTOM OF THE 6TH |
Colorado Rockies batting - Pitching for Miami Marlins : LHP Jordan Hernandez
|
Batting: SHB Chris Blue
|
0-0: Ball 1-0: Ball 2-0: Ball 3-0: Called Strike 3-1: Called Strike 3-2: SINGLE (Groundball, 4MS, EV 73.1 MPH) (infield hit)
|
Batting: RHB Jason Andrews
|
0-0: Called Strike 0-1: Ball 1-1: Ball 2-1: Ball 3-1: Foul Ball, location: 2F 3-2: Foul Ball, location: 2F 3-2: Fielders Choice at 2nd, 6-4 (Groundball, 6, EV 92.5 MPH)
|
Batting: RHB Rico Coss
|
0-0: Called Strike 0-1: Ball 1-1: Foul Ball, location: 2F 1-2: Ball 2-2: Grounds into double play, 5-4-3 (Groundball, 56, EV 81.2 MPH)
|
Bottom of the 6th over - 0 runs, 1 hit, 0 errors, 0 left on base; Miami 12 - Colorado 9 |
TOP OF THE 7TH |
Miami Marlins batting - Pitching for Colorado Rockies : LHP Dave Burridge
|
Batting: RHB Seth Tramontano
|
0-0: Called Strike 0-1: Ball 1-1: Ball 2-1: Called Strike 2-2: Fly out, F8 (Flyball, 78D, EV 96.9 MPH)
|
Batting: RHB Josh Crenwelge
|
0-0: Swinging Strike 0-1: Ball 1-1: Foul Ball, location: 2F 1-2: Ball 2-2: Ball 3-2: Foul Ball, location: 2F 3-2: Base on Balls
|
Batting: RHB Jeff Garofalo
|
0-0: Called Strike 0-1: Swinging Strike 0-2: Foul Ball, location: 2F 0-2: Fly out, F9 (Flyball, 89D, EV 85.0 MPH)
|
Batting: RHB Micah Christopher
|
0-0: Called Strike 0-1: Ball 1-1: Foul Ball, location: 2F 1-2: Ball 2-2: Strikes out swinging
|
Top of the 7th over - 0 runs, 0 hits, 0 errors, 1 left on base; Miami 12 - Colorado 9 |
BOTTOM OF THE 7TH |
Colorado Rockies batting - Pitching for Miami Marlins : LHP Jordan Hernandez
|
Pitching: LHP Paul Cantrell
|
|
Batting: RHB Leo Mair
|
0-0: Swinging Strike 0-1: Ball 1-1: SINGLE (Groundball, 4S, EV 67.5 MPH) (infield hit)
|
Batting: RHB Chad Thompson
|
0-0: Ball 1-0: Ball 2-0: SINGLE (Groundball, 6MD, EV 97.5 MPH) Leo Mair to second
|
Batting: LHB Chris Locklear
|
0-0: Sac Bunt to 15S - play at first, batter OUT! 1-3 Leo Mair to third Chad Thompson to second
|
Batting: RHB Stephen Charbonneau
|
0-0: Ball 1-0: Ball 2-0: Swinging Strike 2-1: Ball 3-1: Base on Balls
|
Batting: RHB Joel Haycock
|
0-0: Ball 1-0: Swinging Strike 1-1: Swinging Strike 1-2: Ball 2-2: Ball 3-2: Foul Ball, location: 2F 3-2: Strikes out swinging
|
Batting: RHB Roberto Rodriguez
|
0-0: Foul Ball, location: 2F 0-1: Ball 1-1: Ball 2-1: Fly out, F8 (Flyball, 8LXD, EV 91.9 MPH)
|
Bottom of the 7th over - 0 runs, 2 hits, 0 errors, 3 left on base; Miami 12 - Colorado 9 |
TOP OF THE 8TH |
Miami Marlins batting - Pitching for Colorado Rockies : LHP Dave Burridge
|
Pitching: LHP Ryan Fulford
|
|
Batting: SHB Matt Altieri
|
0-0: Called Strike 0-1: Ball 1-1: Called Strike 1-2: Strikes out looking
|
Batting: LHB Andre Gorter
|
0-0: Ball 1-0: Ball 2-0: Ball 3-0: Called Strike 3-1: Called Strike 3-2: Base on Balls
|
Batting: RHB Jimmy Groseclose
|
0-0: Ball 1-0: Ball 2-0: Called Strike 2-1: Foul Ball, location: 2F 2-2: Strikes out swinging
|
Batting: RHB Justin Huff
|
0-0: Called Strike 0-1: Ball 1-1: TRIPLE (Line Drive, 9LD, EV 110.0 MPH) Andre Gorter scores
|
Batting: RHB Roger Salazar
|
0-0: Called Strike 0-1: Ball 1-1: Foul Ball, location: 2F 1-2: Ball 2-2: Foul Ball, location: 2F 2-2: Strikes out swinging
|
Top of the 8th over - 1 run, 1 hit, 0 errors, 1 left on base; Miami 13 - Colorado 9 |
BOTTOM OF THE 8TH |
Colorado Rockies batting - Pitching for Miami Marlins : LHP Paul Cantrell
|
Batting: SHB Chris Blue
|
0-0: Ball 1-0: Called Strike 1-1: Fly out, F8 (Flyball, 8RD, EV 84.4 MPH)
|
Batting: RHB Jason Andrews
|
0-0: Ball 1-0: Called Strike 1-1: Swinging Strike 1-2: Foul Ball, location: 2F 1-2: Strikes out swinging, 2-3 out at first.
|
Batting: RHB Rico Coss
|
0-0: Ball 1-0: Swinging Strike 1-1: Swinging Strike 1-2: SINGLE (Groundball, 56S, EV 68.1 MPH) (infield hit)
|
Batting: RHB Leo Mair
|
0-0: Foul Ball, location: 2F 0-1: Ball Wild Pitch! Rico Coss to second 1-1: DOUBLE (Line Drive, 8RXD, EV 106.2 MPH) Rico Coss scores
|
Batting: RHB Chad Thompson
|
0-0: Swinging Strike 0-1: Ball 1-1: Foul Ball, location: 2F 1-2: DOUBLE (Line Drive, 89D, EV 105.6 MPH) Leo Mair scores
|
Batting: LHB Chris Locklear
|
0-0: Swinging Strike 0-1: Ball 1-1: Ball 2-1: Swinging Strike 2-2: Fly out, F2 (Popup, 15S, EV 90.0 MPH)
|
Bottom of the 8th over - 2 runs, 3 hits, 0 errors, 1 left on base; Miami 13 - Colorado 11 |
TOP OF THE 9TH |
Miami Marlins batting - Pitching for Colorado Rockies : LHP Ryan Fulford
|
Batting: RHB Seth Tramontano
|
0-0: SOLO HOME RUN (Flyball, 7LD, EV 95.6 MPH), Distance : 374 ft
|
Batting: RHB Josh Crenwelge
|
0-0: Ball 1-0: SOLO HOME RUN (Flyball, 7LD, EV 95.0 MPH), Distance : 353 ft
|
Batting: RHB Jeff Garofalo
|
0-0: Foul Ball, location: 2F 0-1: Called Strike 0-2: Ball 1-2: Ball 2-2: Strikes out swinging
|
Pitching: RHP Gabe Baxter
|
|
Batting: RHB Micah Christopher
|
0-0: Foul Ball, location: 2F 0-1: Called Strike 0-2: Strikes out swinging
|
Batting: SHB Matt Altieri
|
0-0: Swinging Strike 0-1: Ball 1-1: Called Strike 1-2: Ground out 4-3 (Groundball, 34D, EV 100.0 MPH)
|
Top of the 9th over - 2 runs, 2 hits, 0 errors, 0 left on base; Miami 15 - Colorado 11 |
BOTTOM OF THE 9TH |
Colorado Rockies batting - Pitching for Miami Marlins : LHP Paul Cantrell
|
Pitching: RHP Ian Newman
|
|
Batting: RHB Stephen Charbonneau
|
0-0: Called Strike 0-1: Ball 1-1: Called Strike 1-2: Strikes out swinging
|
Batting: RHB Joel Haycock
|
0-0: Ball 1-0: Swinging Strike 1-1: Foul Ball, location: 2F 1-2: Ball 2-2: Fly out, F9 (Flyball, 9, EV 84.4 MPH)
|
Batting: RHB Roberto Rodriguez
|
0-0: Ball 1-0: Called Strike 1-1: Foul Ball, location: 2F 1-2: SINGLE (Groundball, 6M, EV 88.1 MPH) (infield hit)
|
Batting: SHB Chris Blue
|
0-0: Called Strike 0-1: Called Strike 0-2: Ball 1-2: SINGLE (Groundball, 6M, EV 88.1 MPH) (infield hit) Roberto Rodriguez to second
|
Pitching: RHP Travis Small
|
|
Batting: RHB Jason Andrews
|
0-0: Foul Ball, location: 2F 0-1: Ball 1-1: Foul Ball, location: 2F 1-2: TRIPLE (Flyball, 7LD, EV 102.5 MPH) Roberto Rodriguez scores Chris Blue scores
|
Batting: RHB Rico Coss
|
0-0: Ball 1-0: Swinging Strike 1-1: Foul Ball, location: 2F 1-2: SINGLE (Line Drive, 8RS, EV 104.4 MPH) Jason Andrews scores
|
Pinch Hitting: LHB Jose Robles
|
0-0: Ball 1-0: Swinging Strike 1-1: Called Strike 1-2: Strikes out looking
|
Bottom of the 9th over - 3 runs, 4 hits, 0 errors, 1 left on base; Miami 15 - Colorado 14 |
|